Map: New Gettysburg LE

Players

llllllllllll - Winner!

  • Race: Protoss Protoss
  • League: Diamond

Zombi

  • Race: Zerg Zerg
  • League: Diamond

VOD

Have the link to the VOD?

Description

Time

  • Played on: July 23, 2016, 6:13 p.m.
  • Length: 21:28
Show
View Real Time Build Order
Export as new Build Order

llllllllllll Protoss - Winner!

Build Orders: 1 Gate Expand 

Get SALT Encoding   

  12  0:01  Probe (Chrono Boost)  
  13  0:12  Probe (Chrono Boost)  
  14  0:22  Probe (Chrono Boost)  
  15  0:31  Pylon  
  15  0:49  Probe (Chrono Boost)  
  16  0:52  Gateway  
  16  0:56  Assimilator  
  16  0:59  Probe (Chrono Boost)  
  16  1:00  Assimilator  
  17  1:10  Probe (Chrono Boost)  
  18  1:20  Probe (Chrono Boost)  
  19  1:31  Probe (Chrono Boost)  
  20  1:37  Nexus  
  20  1:50  Cybernetics Core  
  20  1:53  Probe (Chrono Boost)  
  21  2:03  Probe (Chrono Boost)  
  22  2:18  Pylon  
  23  2:22  Probe (Chrono Boost)  
  23  2:35  Stalker  
  23  2:36  Mothership Core (Chrono Boost)  
  27  2:38  Forge  
  27  2:53  Probe (Chrono Boost)  
  27  2:55  Probe (Chrono Boost)  
  29  3:03  Probe (Chrono Boost)  
  31  3:05  Probe (Chrono Boost)  
  31  3:14  Probe (Chrono Boost)  
  31  3:16  Probe (Chrono Boost)  
  33  3:24  Probe (Chrono Boost)  
  33  3:26  Probe (Chrono Boost), Assimilator  
  35  3:28  Assimilator  
  35  3:35  Probe (Chrono Boost)  
  35  3:39  Pylon  
  35  3:40  Probe (Chrono Boost)  
  37  3:45  Probe (Chrono Boost)  
  38  3:51  Probe (Chrono Boost)  
  39  4:07  Probe (Chrono Boost)  
  40  4:14  Stargate  
  40  4:18  Stargate, Probe (Chrono Boost)  
  40  4:19  Stargate  
  42  4:24  Probe (Chrono Boost), Pylon  
  42  4:29  Probe (Chrono Boost), Pylon  
  43  4:31  Pylon  
  43  4:35  Probe (Chrono Boost)  
  44  4:39  Probe (Chrono Boost)  
  44  4:43  Photon Cannon  
  44  4:45  Probe (Chrono Boost)  
  46  4:50  Probe (Chrono Boost)  
  47  4:56  Probe (Chrono Boost), Photon Cannon  
  47  4:58  Oracle  
  51  5:01  Oracle  
  51  5:03  Oracle  
  57  5:15  Photon Cannon  
  57  5:18  Photon Cannon  
  57  5:22  Photon Cannon  
  57  5:34  Oracle  
  60  5:37  Oracle  
  60  5:39  Oracle  
  60  5:40  Probe x2 (Chrono Boost), Pylon  
  68  6:00  Pylon  
  68  6:01  Pylon  
  68  6:09  Void Ray  
  72  6:12  Void Ray  
  72  6:15  Void Ray  
  80  6:27  Photon Cannon  
  80  6:30  Photon Cannon  
  80  6:52  Void Ray  
  84  6:55  Void Ray  
  84  6:58  Void Ray  
  92  7:09  Photon Cannon  
  92  7:12  Pylon, Photon Cannon  
  92  7:35  Void Ray  
  96  7:38  Void Ray  
  100  7:53  Void Ray  
  104  8:05  Nexus  
  104  8:18  Void Ray  
  108  8:42  Pylon  
  108  8:43  Pylon  
  108  8:44  Pylon  
  108  8:46  Assimilator  
  108  9:00  Void Ray x2  
  108  9:01  Void Ray  
  120  9:04  Photon Cannon  
  120  9:05  Pylon  
  120  9:07  Pylon  
  120  9:09  Pylon  
  120  9:10  Assimilator  
  120  9:14  Photon Cannon  
  120  10:08  Phoenix x3  
  126  10:33  Phoenix x3  
  132  10:43  Photon Cannon x2  
  132  10:46  Photon Cannon  
  132  10:47  Probe (Chrono Boost)  
  133  10:57  Probe (Chrono Boost)  
  133  10:58  Phoenix x3  
  140  11:08  Probe (Chrono Boost)  
  141  11:23  Phoenix x3  
  147  11:48  Phoenix x3  
  153  12:03  Pylon  
  153  12:05  Pylon  
  153  12:09  Pylon  
  153  12:10  Pylon  
  153  12:13  Phoenix x2, Pylon  
  153  12:14  Pylon  
  153  12:15  Pylon  
  157  12:16  Pylon  
  157  12:18  Pylon  
  157  12:19  Pylon  
  157  12:20  Pylon  
  157  12:25  Pylon x2  
  157  12:26  Pylon  
  113  13:45  Oracle x3  
  120  14:14  Nexus  
  120  14:16  Robotics Facility, Pylon  
  116  14:18  Robotics Facility  
  116  14:20  Oracle  
  116  14:21  Oracle x2  
  119  14:33  Mothership Core (Chrono Boost)  
  117  14:56  Oracle x3  
  126  15:07  Robotics Bay  
  126  15:11  Pylon  
  126  15:13  Pylon  
  126  15:18  Immortal x2  
  134  15:32  Assimilator, Oracle x3  
  135  15:58  Immortal x2  
  143  16:11  Assimilator  
  143  16:30  Pylon  
  143  16:32  Pylon  
  143  16:34  Pylon  
  143  16:35  Pylon  
  143  16:37  Pylon  
  143  16:38  Pylon  
  150  16:40  Pylon  
  150  16:41  Colossus  
  150  16:42  Colossus  
  150  16:43  Pylon  
  150  16:44  Extended Thermal Lance  
  150  16:59  Probe (Chrono Boost)  
  151  17:21  Void Ray x3  
  163  17:35  Colossus  
  163  17:36  Colossus  
  135  18:08  Probe (Chrono Boost)  
  136  18:19  Probe (Chrono Boost)  
  135  18:20  Pylon  
  132  18:29  Colossus x2  
  144  18:37  Forge  
  144  19:22  Colossus  
  144  19:23  Colossus  
  156  20:16  Observer  
Show
View Real Time Build Order
Export as new Build Order

Zombi Zerg 

Build Orders: 3 Hatch before Pool 

Get SALT Encoding   

  12  0:01  Drone  
  13  0:18  Drone  
  14  0:24  Overlord  
  14  0:43  Drone x3  
  17  0:57  Drone  
  17  0:58  Hatchery  
  17  1:24  Hatchery  
  16  1:34  Spawning Pool  
  16  1:35  Drone  
  16  1:38  Drone  
  17  1:42  Drone  
  18  1:49  Drone  
  18  1:50  Extractor  
  18  1:58  Drone  
  19  2:08  Drone  
  20  2:15  Drone  
  21  2:21  Drone x2  
  21  2:22  Queen  
  25  2:29  Queen  
  27  2:42  Drone  
  27  2:43  Drone x4  
  32  3:06  Metabolic Boost  
  32  3:14  Queen, Evolution Chamber  
  32  3:16  Overlord x2  
  32  3:17  Drone  
  34  3:36  Drone  
  34  3:37  Drone x7  
  42  3:42  Zerg Melee Weapons Level 1  
  42  3:50  Evolution Chamber  
  39  4:08  Drone  
  39  4:09  Drone x2, Overlord  
  42  4:10  Overlord  
  42  4:12  Spore Crawler  
  42  4:14  Spore Crawler  
  40  4:21  Spore Crawler  
  39  4:24  Zerg Ground Armor Level 1  
  39  4:26  Zergling x6  
  39  4:27  Overlord  
  39  4:28  Overlord x2  
  39  4:30  Drone x3  
  45  4:38  Extractor  
  44  4:43  Drone  
  44  4:44  Drone x4  
  49  4:51  Drone x7  
  49  4:52  Drone  
  57  5:02  Lair  
  56  5:23  Extractor  
  56  5:24  Extractor  
  56  5:25  Drone  
  56  5:26  Drone x7  
  56  5:27  Drone x7  
  56  5:28  Drone  
  70  5:31  Extractor  
  70  5:35  Extractor  
  68  5:40  Baneling Nest  
  68  5:42  Spine Crawler  
  66  5:45  Spine Crawler  
  66  5:48  Spine Crawler  
  64  6:00  Zergling x4  
  64  6:01  Zergling x22  
  64  6:03  Zerg Melee Weapons Level 2  
  77  6:09  Spire  
  76  6:21  Drone x3  
  76  6:22  Drone x3  
  76  6:24  Zerg Ground Armor Level 2  
  82  6:34  Spore Crawler  
  82  6:38  Spore Crawler  
  82  6:39  Spore Crawler  
  77  6:50  Hatchery  
  76  7:02  Hatchery  
  76  7:08  Spore Crawler  
  74  7:11  Spore Crawler  
  74  7:12  Spore Crawler  
  72  7:18  Drone x4  
  72  7:21  Overlord x3  
  63  7:56  Drone  
  63  7:57  Drone x13  
  79  8:07  Queen  
  79  8:21  Spore Crawler  
  78  8:40  Hatchery  
  77  8:50  Queen  
  79  8:57  Overlord x3  
  79  8:58  Overlord  
  79  9:10  Zergling x2  
  79  9:11  Zergling x22  
  79  9:14  Lair  
  86  9:39  Hatchery  
  83  9:51  Corruptor x2  
  73  10:08  Spore Crawler  
  72  10:16  Spawning Pool  
  64  10:35  Overlord x5  
  58  10:36  Overlord x4  
  58  10:40  Spawning Pool  
  55  11:01  Hydralisk Den  
  55  11:04  Evolution Chamber  
  53  11:06  Evolution Chamber  
  52  11:25  Spore Crawler  
  52  11:31  Spore Crawler  
  46  11:35  Hydralisk x10  
  46  11:36  Hydralisk  
  68  11:52  Zerg Missile Weapons Level 1  
  68  11:54  Muscular Augments  
  68  12:08  Hatchery  
  68  12:10  Hatchery  
  68  12:13  Hydralisk x3  
  68  12:14  Hydralisk  
  74  12:36  Hydralisk, Hatchery  
  74  12:37  Hydralisk x2  
  79  12:46  Hydralisk x3  
  79  12:48  Overlord  
  85  12:57  Overlord x3  
  73  13:21  Hydralisk  
  73  13:22  Hydralisk x5  
  67  13:46  Hydralisk x4  
  67  13:47  Hydralisk x2  
  78  13:54  Hydralisk  
  60  14:28  Hydralisk  
  60  14:29  Hydralisk x5  
  66  14:44  Hydralisk x4  
  59  14:59  Hydralisk  
  61  15:00  Hydralisk  
  63  15:14  Zerg Missile Weapons Level 2  
  63  15:23  Hydralisk  
  51  16:02  Hydralisk x2  
  51  16:03  Hydralisk x4  
  63  16:21  Hydralisk x2  
  67  16:31  Hydralisk  
  64  16:55  Spore Crawler  
  63  17:18  Hydralisk x3  
  51  18:14  Hatchery  
  24  18:52  Drone x5  
  24  18:53  Drone x6  
Tags
 
Add a new tag
Caveats
  • Supply blocks, unpowered buildings, or Contaminate may cause inaccurate times.
  • Supply counts are checked every 10 seconds.